 Dungeon Crawl Stone Soup version 0.30-b1-2-g02819fbbbe (webtiles) character file.

Game seed: 2367078478829993201

2516 Goblin1989 the Insei (level 9, -4/67 (69) HPs)
             Began as a Demonspawn Delver on Jan 1, 2024.
             Was a Priest of Dithmenos.
             Slain by a wight
             ... wielding a +3 spear
              (5 damage)
             ... on level 8 of the Dungeon.
             The game lasted 00:23:45 (6684 turns).

Goblin1989 the Insei (Demonspawn Delver)            Turns: 6684, Time: 00:23:46

HP:   -4/67 (69)    AC:  8    Str: 13    XL:     9   Next: 29%
MP:   9/9           EV: 14    Int: 12    God:    Dithmenos [***...]
Gold: 6             SH:  4    Dex: 18    Spells: 8/8 levels left

rFire   . .          .
                       - Unarmed
rCold   . . .        u - +0 buckler
rNeg    . . .        P - +0 steam dragon scales
rPois   .            E - +0 helmet
rElec   .            (no cloak)
rCorr   .            (no gloves)
SInv    .            (no boots)
Will    .....        o - amulet of regeneration
Stlth   +++++        (no ring)
HPRegen 1.11/turn    (no ring)
MPRegen 0.11/turn

%: no passive effects
@: lethally poisoned (-4 -> -4), slowed, wreathed by umbra, lightly drained,
invisible, very slow
A: claws 2, yellow scales 1, powered by death 2
a: Renounce Religion, Shadow Step


You were on level 8 of the Dungeon.
You worshipped Dithmenos.
Dithmenos was most pleased with you.
You visited 1 branch of the dungeon, and saw 8 of its levels.

You collected 335 gold pieces.
You spent 329 gold pieces at shops.

Inventory:

Hand Weapons
 b - a +2 rapier of freezing
 t - a +0 dagger of venom
Missiles
 i - a throwing net (quivered) {!d , @Q1}
Armour
 s - a +1 robe of cold resistance
 u - a +0 buckler (worn)
 D - a +0 scale mail of fire resistance
 E - a +0 helmet (worn)
 P - +0 steam dragon scales (worn)
Magical Staves
 k - a staff of air
Jewellery
 o - an amulet of regeneration (around neck)
 J - a ring of ice
 L - an amulet of faith {!P}
Wands
 g - a wand of digging (3) {@v3}
 x - a wand of paralysis (13) {@v2}
 M - a wand of iceblast (20) {@v5}
Scrolls
 c - a scroll of fog
 d - 2 scrolls of magic mapping
 e - a scroll of fear
 l - 12 scrolls of identify {unknown}
 m - 2 scrolls of enchant weapon {unknown}
 v - a scroll of brand weapon {unknown}
 y - 2 scrolls of teleportation {!r, @r2}
 B - a scroll of poison {unknown}
 F - a scroll of immolation {unknown}
 K - a scroll of vulnerability {unknown}
 N - a scroll of amnesia {unknown}
Potions
 f - 2 potions of haste {@q3,}
 h - 7 potions of curing {unknown}
 n - 3 potions of mutation {unknown}
 p - a potion of brilliance {unknown}
 q - a potion of lignification {unknown}
 w - 4 potions of flight
 A - a potion of attraction
 C - a potion of ambrosia {unknown}
 G - a potion of magic {unknown}
 H - 3 potions of might {unknown}
 I - 2 potions of invisibility
 O - a potion of berserk rage {unknown}


   Skills:
 + Level 5.9 Fighting
 - Level 1.7 Short Blades
 + Level 1.1 Armour
 + Level 4.9 Dodging
 - Level 7.0 Stealth
 * Level 7.9 Unarmed Combat


You had 8 spell levels left.
You didn't know any spells.
Your spell library contained the following spells:

 Spells                   Type           Power      Damage    Failure   Level
 Beastly Appendage        Tmut           0%         N/A       43%         1
 Sandblast                Erth           0%         2d4       43%         1
 Lesser Beckoning         Tloc           0%         N/A       56%         2
 Passwall                 Tmut/Erth      0%         N/A       56%         2
 Wereblood                Tmut           0%         N/A       56%         2
 Gell's Gravitas          Tloc           0%         N/A       80%         3
 Spider Form              Tmut/Pois      0%         N/A       80%         3
 Stone Arrow              Conj/Erth      0%         3d7       80%         3
 Teleport Other           Tloc           0%         N/A       80%         3


Dungeon Overview and Level Annotations

Branches:
Dungeon (8/15) Zot: 26763  Temple (0/1) D:7
   Lair: D:8-11

Altars:
Dithmenos
Fedhas
Gozag
Hepliaklqana
Kikubaaqudgha
Nemelex Xobeh
Okawaru
Qazlal
Sif Muna

Shops:
D:1 (   D:4 !   D:7 *   D:8 (*

Annotations:
D:2 Sigmund


Innate Abilities, Weirdness & Mutations

You have very sharp fingernails.
You are partially covered in yellow scales. (AC +2)
You regenerate health from kills.


Message History

You see here a scroll labelled KOPRYRR OXEJE.
A wight comes into view. It is wielding a +0 falchion.
A wight comes into view. It is wielding a +3 spear.
The helpless hornet fails to defend itself.
You claw the hornet!
The hornet is moderately wounded.
The hornet misses you.
You closely miss the hornet.
The hornet is moderately wounded.
The hornet barely misses you. The hornet stings you.
You are poisoned.
You feel yourself slow down.
You take 5 damage, and have 64/69 hp.
You barely miss the hornet.
The hornet is moderately wounded.
You feel yourself speed up.
You feel very sick.
The hornet stings you but does no damage.
You block the hornet's attack.
You take 2 damage, and have 62/69 hp.
You scratch the hornet.
The hornet is moderately wounded.
You feel sick. The hornet stings you.
You feel yourself slow down.
You take 6 damage, and have 56/69 hp.
You closely miss the hornet.
The hornet is moderately wounded.
You feel sick. The hornet stings you!
You are more poisoned.
You feel as though you will be slow longer.
The hornet misses you.
You take 8 damage, and have 48/69 hp.
You scratch the hornet.
The hornet is heavily wounded.
You feel very sick. The hornet misses you.
The hornet stings you but does no damage.
You take 4 damage, and have 44/69 hp.
You scratch the hornet.
The hornet is heavily wounded.
You feel very sick. The hornet stings you!
You are more poisoned.
You suddenly lose the ability to move!
The hornet stings you but does no damage.
The wight hits you from afar with a +3 spear.
* * * LOW HITPOINT WARNING * * *
You feel drained.
You can move again.
You are too injured to fight recklessly!
You take 13 damage, and have 31/68 hp.
You are too injured to fight recklessly!
You are too injured to fight recklessly!
You are too injured to fight recklessly!
You are too injured to fight recklessly!
You are too injured to fight recklessly!
You are too injured to fight recklessly!
You are too injured to fight recklessly!
You are too injured to fight recklessly!
You are too injured to fight recklessly!
You are too injured to fight recklessly!
You are too injured to fight recklessly!
You are too injured to fight recklessly!
You are too injured to fight recklessly!
You are too injured to fight recklessly!
You are too injured to fight recklessly!
You are too injured to fight recklessly!
You feel extremely sick. The hornet barely misses you.
The wight hits you from afar with a +3 spear.
* * * LOW HITPOINT WARNING * * *
You feel drained.
* * * LOW HITPOINT WARNING * * *
The hornet stings you!
* * * LOW HITPOINT WARNING * * *
You are more poisoned.
You feel as though you will be slow longer.
You take 17 damage, and have 14/67 hp.
MASSIVE DAMAGE!!
* * * LOW HITPOINT WARNING * * *
You feel extremely sick. The hornet misses you.
There is an entrance to Kumitosch's Antique Weapon Shop here.
You take 6 damage, and have 8/67 hp.
Found a leather armour.
* * * LOW HITPOINT WARNING * * *
You feel very sick. The hornet stings you.
* * * LOW HITPOINT WARNING * * *
You feel as though you will be slow longer.
The wight hits you but does no damage.
You take 4 damage, and have 4/67 hp.
* * * LOW HITPOINT WARNING * * *
You feel very sick. You block the hornet's attack.
You take 1 damage, and have 3/67 hp.
You fade into invisibility!
* * * LOW HITPOINT WARNING * * *
You feel very sick. The hornet misses you. The hornet closely misses you.
The wight hits you from afar with a +3 spear.
You die...

...█...█............██▲
....█...█.......██......
........█.......██......
........█.......██......
........█.......██......
.[.....█........█......
.......█z.?.█...█......
█..y....█ ..█......
..██.@....██...█......
█................█......
█.█.██.█........██......
█ █.█........██....∩.
..▲........██......
█.██████........██....).
█......∆................
████████................
█<██................


You could see a hornet (unable to see you) and a wight (unable to see you).

Vanquished Creatures
  A spriggan (D:7)
  Grum (D:8)
  2 steam dragons (D:7)
  Duvessa (D:5)
  A black bear (D:5)
  2 wolves (D:8)
  An ogre (D:4)
  A phantom (D:6)
  4 bullfrogs
  A kobold brigand (D:8)
  Blork the orc (D:6)
  6 wights (D:6)
  Dowan (D:5)
  A jelly (D:5)
  2 orc priests
  4 hounds
  Jessica (D:2)
  An iguana (D:5)
  4 sleepcaps
  3 orc wizards
  8 adders
  7 gnolls
  A shadow imp (D:6)
  A white imp (D:5)
  2 worms (D:2)
  3 dart slugs
  19 orcs
  11 bats
  8 endoplasms
  7 giant cockroaches
  7 goblins
  8 hobgoblins
  7 jackals
  2 quokkas (D:4)
  5 ball pythons
  4 frilled lizards
  6 kobolds
  4 rats
149 creatures vanquished.

Notes
Turn   | Place    | Note
-------+----------+-------------------------------------------
     0 | D:5      | Goblin1989 the Demonspawn Delver began the quest for the
                  | Orb.
     0 | D:5      | Reached XP level 1. HP: 18/18 MP: 1/1
    63 | D:3      | Found a shadowy altar of Dithmenos.
    67 | D:3      | Became a worshipper of Dithmenos the Shadowed
    90 | D:3      | Found a stormy altar of Qazlal.
   201 | D:2      | Noticed Jessica
   203 | D:2      | Killed Jessica
   204 | D:2      | Reached skill level 5 in Stealth
   204 | D:2      | Gained mutation: You regenerate a little health from kills.
                  | [demonic ancestry]
   204 | D:2      | Reached XP level 2. HP: 24/24 MP: 2/2
   204 | D:2      | Gained mutation: You have sharp fingernails. [demonic
                  | ancestry]
   204 | D:2      | Reached XP level 3. HP: 29/29 MP: 3/3
   242 | D:2      | Noticed Sigmund
   254 | D:1      | Found Cimpi's Weapon Emporium.
   880 | D:2      | Reached * piety under Dithmenos
   986 | D:2      | Gained mutation: You have very sharp fingernails. [demonic
                  | ancestry]
   986 | D:2      | Reached XP level 4. HP: 35/35 MP: 4/4
  2115 | D:3      | Reached skill level 1 in Unarmed Combat
  2160 | D:3      | Reached XP level 5. HP: 41/41 MP: 5/5
  2185 | D:3      | Reached ** piety under Dithmenos
  2238 | D:3      | Found a faded altar of an unknown god.
  2270 | D:3      | Found a sparkling altar of Nemelex Xobeh.
  2270 | D:3      | Found an opulent altar of Gozag.
  3012 | D:4      | Found a shimmering blue altar of Sif Muna.
  3337 | D:4      | Found Rud Nuga's Distillery.
  3345 | D:4      | Bought a potion of heal wounds for 55 gold pieces
  3345 | D:4      | Bought a potion of degeneration for 11 gold pieces
  3345 | D:4      | Bought a potion of attraction for 33 gold pieces
  3741 | D:5      | HP: 2/41 [white imp/puff of frost (12)]
  3816 | D:5      | Gained mutation: You regenerate health from kills. [demonic
                  | ancestry]
  3816 | D:5      | Reached XP level 6. HP: 46/47 MP: 6/6
  4443 | D:5      | Gained mutation: You are partially covered in yellow
                  | scales. (AC +2) [demonic ancestry]
  4443 | D:5      | Reached XP level 7. HP: 18/52 MP: 7/7
  4542 | D:5      | Noticed Duvessa
  4544 | D:5      | Noticed Dowan
  4562 | D:5      | HP: 1/52 [Duvessa/+0 short sword (7)]
  4564 | D:5      | Killed Duvessa
  4565 | D:5      | Reached skill level 5 in Unarmed Combat
  4651 | D:5      | Killed Dowan
  4651 | D:5      | Reached *** piety under Dithmenos
  4924 | D:6      | Noticed Blork the orc
  4936 | D:6      | Killed Blork the orc
  4955 | D:6      | Found a blossoming altar of Fedhas.
  5061 | D:6      | Reached XP level 8. HP: 46/60 MP: 8/8
  5503 | D:6      | Found an iron altar of Okawaru.
  5881 | D:7      | Reached skill level 5 in Fighting
  5959 | D:7      | Found a hazy altar of Hepliaklqana.
  5960 | D:7      | Found a faded altar of an unknown god.
  5965 | D:7      | Paralysed by a spriggan for 2 turns
  6077 | D:7      | Found an ancient bone altar of Kikubaaqudgha.
  6149 | D:7      | Reached XP level 9. HP: 22/68 MP: 9/9
  6227 | D:7      | Found Reanau's Specific Store.
  6240 | D:7      | Found Egaj's General Store.
  6246 | D:7      | Bought a potion of invisibility for 112 gold pieces
  6250 | D:7      | Bought a scroll of teleportation for 39 gold pieces
  6250 | D:7      | Bought a scroll of noise for 13 gold pieces
  6310 | D:7      | Found a staircase to the Ecumenical Temple.
  6479 | D:8      | Noticed Grum
  6521 | D:8      | Found Xuanogas's General Store.
  6539 | D:8      | Killed Grum
  6543 | D:8      | Bought 2 potions of flight for 66 gold pieces
  6608 | D:8      | Reached skill level 1 in Armour
  6663 | D:8      | Found Kumitosch's Antique Weapon Shop.
  6679 | D:8      | Paralysed by a hornet for 1 turns
  6683 | D:8      | HP: 3/67 [poisoned by a hornet]
  6684 | D:8      | HP: 1/67 [poisoned by a hornet]
  6684 | D:8      | Slain by a wight

Illustrated notes

Levels and vault maps discovered:
D:1:      minmay_arrival_stair_chambers, layout_rooms, serial_shops,
          nicolae_shop_hallway_stairs
D:2:      layout_loops_ring, uniq_jessica, uniq_sigmund
D:3:      layout_basic, grunt_temple_overflow_opulence,
          mainiacjoe_overflow_six_doors_small, amcnicky_altar_gilded,
          dreamdust_ecumenical_altar_angels_and_demons
D:4:      layout_layer_cave, mainiacjoe_overflow_concentric_impassable,
          serial_shops, shop
D:5:      layout_cave_pools, minmay_quadrilaterals, uniq_duvessa
D:6:      layout_basic, okawaru_trees_2, mainiacjoe_overflow_catwalk,
          grunt_ministairs_3, chequers_serial_rivers_micro_a, uniq_blork_the_orc
D:7:      layout_rooms, beargit_hepliaklqana_dungeon_heroes,
          general_overflow_altar, minmay_temple_entry_poolview,
          nicolae_specific_store
D:8:      layout_basic, serial_shops, kennysheep_little_box, shop_statue, shop,
          nicolae_shop_tiny_real_fake_doors, shop, uniq_grum, uniq_maurice

Skill      XL: |  1  2  3  4  5  6  7  8  9 |
---------------+----------------------------+-----
Stealth        | 5 6 7 |  7.0
Unarmed Combat | 1 2 4 5 7 |  7.9
Dodging        | 2 3 4 |  4.9
Fighting       | 4 5 |  5.9
Armour         | 1 |  1.1
Short Blades   | |  1.7

Action                     |  1- 3 |  4- 6 |  7- 9 || total
---------------------------+-------+-------+-------++-------
  Melee: Short sword       |    12 |       |       ||    12
         Rapier            |    76 |   172 |       ||   248
         Punch             |       |     1 |       ||     1
         Unarmed           |       |    41 |   252 ||   293
  Evoke: Wand              |       |       |     1 ||     1
    Use: Potion            |       |     1 |     1 ||     2
   Stab: Sleeping          |     8 |    20 |     8 ||    36
         Distracted        |       |     1 |     2 ||     3
         Paralysed         |       |       |     1 ||     1
 Armour: Leather armour    |    26 |    30 |    30 ||    86
         Steam dragon scal |       |       |     9 ||     9
  Dodge: Dodged            |    59 |   133 |   138 ||   330
  Block: Buckler           |       |    14 |    44 ||    58
